 Dungeon Crawl Stone Soup version 0.23-a0-307-gc3b755d (webtiles) character file.

41 namelastname112 the Skirmisher (level 3, 0/37 HPs)
             Began as a Draconian Wanderer on Oct 10, 2018.
             Slain by a gnoll
             ... wielding a +0 halberd
              (3 damage)
             ... on level 2 of the Dungeon.
             The game lasted 00:03:14 (1458 turns).

namelastname112 the Skirmisher (Draconian Wanderer) Turns: 1458, Time: 00:03:15

Health: 0/37       AC:  8    Str: 14 (15) XL:     3   Next: 32%
Magic:  4/4        EV: 12    Int:  8 (9)  God:
Gold:   56         SH:  0    Dex: 12 (13) Spells: 4/4 levels left

rFire    . . .     SeeInvis +   h - +1 dagger (venom)
rCold    . . .     Gourm    .   (no shield)
rNeg     . . .     Faith    .   (armour unavailable)
rPois    .         Spirit   .   (helmet restricted)
rElec    .         Reflect  .   (no cloak)
rCorr    .         Harm     .   n - +2 pair of gloves
MR       .....                  (no boots)
Stlth    ++........             (no amulet)
HPRegen  0.12/turn              i - ring of stealth
MPRegen  0.09/turn              j - ring of see invisible

@: no status effects
A: unfitting armour, cold-blooded, AC +5
a: no special abilities


You were on level 2 of the Dungeon.
You were hungry.

You visited 1 branch of the dungeon, and saw 2 of its levels.

You collected 56 gold pieces.

Inventory:

Hand Weapons
 a - a +2 spear
 h - a +1 dagger of venom (weapon)
Armour
 n - a +2 pair of gloves (worn)
Jewellery
 i - a ring of stealth (left hand)
 j - a ring of see invisible (right hand)
Scrolls
 c - a scroll of blinking {unknown}
 g - 2 scrolls of enchant armour {unknown}
 k - a scroll of teleportation {unknown}
 l - a scroll of identify {unknown}
 o - a scroll of magic mapping {unknown}
 p - a scroll of fear {unknown}
Potions
 b - a potion of lignification {unknown}
 e - 2 potions of degeneration
 f - a potion of might {unknown}
 m - a potion of experience {unknown}
Comestibles
 d - a ration


   Skills:
 + Level 5.9 Fighting
 * Level 1.5 Polearms
 - Level 1.0 Throwing
 + Level 1.3 Dodging
 - Level 1.0 Spellcasting
   Level 1.0 Necromancy
   Level 1.0 Ice Magic
   Level 1.0 Evocations


You had 4 spell levels left.
You didn't know any spells.
Your spell library contained the following spells:

 Spells                   Type           Power        Failure   Level  Hunger
 Apportation              Tloc           #.....       36%         1    ##.....
 Flame Tongue             Conj/Fire      #....        36%         1    ##.....
 Ignite Poison            Fire/Tmut/Pois #.......     75%         3    ####...
 Portal Projectile        Hex/Tloc       #.....       75%         3    ####...


Dungeon Overview and Level Annotations

Branches:
Dungeon (2/15)

Altars:
Trog

Annotations:
D:2 exclusion: ogre


Innate Abilities, Weirdness & Mutations

Your plain brown scales are hard. (AC +5)
You cannot fit into any form of body armour.
You are cold-blooded and may be slowed by cold attacks.


Message History

Level annotation: exclusion: ogre The gnoll closely misses you.
There is a stone staircase leading up here.
You closely miss the gnoll. The gnoll hits you with a halberd!
You take 9 damage, and have 28/37 hp.
MASSIVE DAMAGE!!
You hit the gnoll.
The gnoll is moderately wounded.
The gnoll hits you with a halberd!
You take 10 damage, and have 18/37 hp.
MASSIVE DAMAGE!!
You are too injured to fight recklessly!
You barely miss the gnoll.
The gnoll is moderately wounded.
The gnoll hits you with a halberd!
* * * LOW HITPOINT WARNING * * *
You take 15 damage, and have 3/37 hp.
MASSIVE DAMAGE!!
It was a potion of degeneration.
There was something very wrong with that liquid.
You feel weakened.
You feel dopey.
You feel clumsy. The gnoll hits you with a halberd.
You die...

...#....########.#
##..#....g.g...#.#
##...#.#######.#.#
......## #.#.
...#..# #.#
.g.#..# #g#
......# #.#
...#.#####
#g############
.........#
#.#@gg.......#
.>##.###.#
#.##########.##
...#...#.#
#......g.g....#
##.###.#.#
#######..######
.......#.# #..#
.#.#####.# #..#
.#.# #.# ...#
.#.#####.# ###.#
##.#.....# ..#


You could see 2 gnolls.

Vanquished Creatures
  A gnoll (D:2)
  A worm (D:2)
  2 dart slugs (D:1)
  A giant cockroach (D:1)
  A goblin (D:2)
  3 hobgoblins
  2 ball pythons (D:2)
  4 bats
  2 frilled lizards
  4 kobolds
  4 rats
25 creatures vanquished.

Notes
Turn   | Place    | Note
-------+----------+-------------------------------------------
     0 | D:1      | namelastname112 the Draconian Wanderer began the quest for
                  | the Orb.
     0 | D:1      | namelastname112 set off with: a +2 spear, a ration
     0 | D:1      | Reached XP level 1. HP: 23/23 MP: 2/2
   218 | D:1      | Reached skill level 1 in Dodging
   218 | D:1      | Reached XP level 2. HP: 28/30 MP: 3/3
   709 | D:2      | Reached skill level 1 in Polearms
   802 | D:2      | Found a bloodstained altar of Trog.
  1001 | D:2      | Noticed an ogre
  1053 | D:2      | Reached XP level 3. HP: 37/37 MP: 4/4
  1458 | D:2      | Slain by a gnoll

Vault maps used:
D:1:      doesnt_arrival_eight_statues
D:2:      minivault_26, trog_three_pillars_becter, uniq_crazy_yiuf_cottage

Skill      XL: |  1  2 |
---------------+-------+-----
Dodging        | 1 |  1.3
Polearms       | 1 |  1.5
Fighting       | |  5.9
Throwing       | |  1.0
Spellcasting   | |  1.0
Necromancy     | |  1.0
Ice Magic      | |  1.0
Evocations     | |  1.0

Action                   || total
-------------------------++-------
Melee: Spear             ||    33
       Tailslap          ||     7
       Dagger            ||    38
  Use: Potion            ||     1
 Stab: Sleeping          ||     1
  Eat: Chunk             ||     1
Armor: Skin              ||    50
Dodge: Dodged            ||   101

Table legend:
 A = Non-vault XP
 B = Vault XP
 C = Vault XP percentage of total XP
 D = Non-vault monster count
 E = Vault monster count
 F = Vault count percentage of total count
                 A         B        C        D         E       F
            +---------+---------+-------+---------+---------+-------
      Total |      59 |       0 |   0.0 |      25 |       0 |   0.0
            +---------+---------+-------+---------+---------+-------
        D:1 |      24 |       0 |   0.0 |      13 |       0 |   0.0
        D:2 |      35 |       0 |   0.0 |      12 |       0 |   0.0
            +---------+---------+-------+---------+---------+-------
